NCAA
TEXAS TECH RED RAIDERS @ NORTH CAROLINA TAR HEELS
05/03/2024
 
TOP OF THE 1ST
Texas Tech Red Raiders batting - Pitching for North Carolina Tar Heels : LHP Kevin Newton
Pitching: LHP Kevin Newton
Batting: RHB Donovan James 0-0: Ball
1-0: Foul Ball, location: 2F
1-1: Foul Ball, location: 2F
1-2: SINGLE (Groundball, 5D)
Batting: LHB Albert Cardona 0-0: Called Strike
0-1: Foul Ball, location: 2F
0-2: Strikes out looking
Batting: RHB Ralph Wells 0-0: Ball
1-0: Ball
Donovan James steals 2nd base
2-0: Called Strike
2-1: Called Strike
2-2: Foul Ball, location: 2F
2-2: Strikes out swinging
Batting: LHB Micheal Morgan 0-0: Foul Ball, location: 2F
0-1: Foul Ball, location: 2F
0-2: Ball
1-2: Foul Ball, location: 2F
1-2: Ball
2-2: Ball
3-2: Base on Balls
Batting: RHB Bruce Jones 0-0: Called Strike
0-1: Ball
1-1: Ball
2-1: Ball
3-1: Foul Ball, location: 2F
3-2: Base on Balls
Donovan James to third
Micheal Morgan to second
Batting: RHB Steven Hill 0-0: Swinging Strike
0-1: Swinging Strike
0-2: Foul Ball, location: 2F
0-2: Ball
1-2: Ball
2-2: Ball
3-2: Foul Ball, location: 2F
3-2: Base on Balls
Donovan James scores
Micheal Morgan to third
Bruce Jones to second
Batting: RHB Casey Fox 0-0: Ball
1-0: Ball
2-0: Foul Ball, location: 2F
2-1: Foul Ball, location: 2F
2-2: Ball
Wild Pitch!
Micheal Morgan scores
Bruce Jones to third
Steven Hill to second
3-2: Foul Ball, location: 2F
3-2: Foul Ball, location: 2F
3-2: Base on Balls
Batting: RHB Terry Whitney 0-0: Ground out 4-3 (Groundball, 6MS)
Top of the 1st over - 2 run(s), 1 hit(s), 0 error(s), 3 left on base; Texas Tech 2 - North Carolina 0
BOTTOM OF THE 1ST
North Carolina Tar Heels batting - Pitching for Texas Tech Red Raiders : RHP Paul Fisher
Pitching: RHP Paul Fisher
Batting: RHB Derek Scott 0-0: Foul Ball, location: 2F
0-1: Ball
1-1: Foul Ball, location: 2F
1-2: SINGLE (Groundball, 5)
Batting: SHB Richard Griffin 0-0: Ball
1-0: Ball
2-0: Ball
3-0: Called Strike
3-1: SINGLE (Line Drive, 8LS)
Derek Scott to second
Batting: LHB Vaughn Carter 0-0: Called Strike
Throwing error on steal attempt, E2
Derek Scott scores
Richard Griffin to third
0-1: Foul Ball, location: 2F
Reached via error on a dropped throw, E3
Richard Griffin scores
Batting: RHB Mike Shelton 0-0: Foul Ball, location: 2F
0-1: Called Strike
0-2: Ball
1-2: Fly out, F9 (Line Drive, 89M)
Batting: LHB José Morales 0-0: Ball
1-0: Ball
2-0: Called Strike
2-1: Ball
3-1: Foul Ball, location: 2F
3-2: Ground out U3 (Groundball, 3S)
Vaughn Carter to second
Batting: LHB Matt McCray 0-0: 2-RUN HOME RUN (Flyball, 9D), Distance : 354 ft
Batting: LHB Ronald Gordon 0-0: Ball
1-0: Ball
2-0: Foul Ball, location: 2F
2-1: Foul Ball, location: 2F
2-2: Strikes out swinging
Bottom of the 1st over - 4 run(s), 3 hit(s), 2 error(s), 0 left on base; Texas Tech 2 - North Carolina 4
TOP OF THE 2ND
Texas Tech Red Raiders batting - Pitching for North Carolina Tar Heels : LHP Kevin Newton
Batting: RHB Jorge Calderón 0-0: Ball
1-0: Called Strike
1-1: Ball
2-1: Called Strike
2-2: Ball
3-2: Foul Ball, location: 2F
3-2: Strikes out swinging, 2-3 out at first.
Batting: RHB Donovan James 0-0: Ball
1-0: Called Strike
1-1: Ball
2-1: Swinging Strike
2-2: Ground out 4-3 (Groundball, 4M)
Batting: LHB Albert Cardona 0-0: Ball
1-0: Ground out 5-3 (Groundball, 56)
Top of the 2nd over - 0 run(s), 0 hit(s), 0 error(s), 0 left on base; Texas Tech 2 - North Carolina 4
BOTTOM OF THE 2ND
North Carolina Tar Heels batting - Pitching for Texas Tech Red Raiders : RHP Paul Fisher
Batting: RHB Jeff Townsley 0-0: Foul Ball, location: 2F
0-1: Swinging Strike
0-2: SOLO HOME RUN (Flyball, 7LD), Distance : 321 ft
Batting: RHB Preston Wooten 0-0: SINGLE (Line Drive, 8LS)
Batting: RHB Derek Scott 0-0: Ball
1-0: 2-RUN HOME RUN (Flyball, 7D), Distance : 363 ft
Batting: SHB Richard Griffin 0-0: Ball
1-0: Fly out, F9 (Line Drive, 9S)
Batting: LHB Vaughn Carter 0-0: Ball
1-0: Swinging Strike
1-1: Foul Ball, location: 2F
1-2: Foul Ball, location: 2F
1-2: Ball
2-2: Foul Ball, location: 2F
2-2: Strikes out swinging
Batting: RHB Mike Shelton 0-0: Fly out, F3 (Popup, 3F)
Bottom of the 2nd over - 3 run(s), 3 hit(s), 0 error(s), 0 left on base; Texas Tech 2 - North Carolina 7
TOP OF THE 3RD
Texas Tech Red Raiders batting - Pitching for North Carolina Tar Heels : LHP Kevin Newton
Batting: RHB Ralph Wells 0-0: Called Strike
0-1: Called Strike
0-2: Strikes out swinging
Batting: LHB Micheal Morgan 0-0: Ball
1-0: Foul Ball, location: 2F
1-1: Ball
2-1: SINGLE (Groundball, 34D)
Batting: RHB Bruce Jones 0-0: Called Strike
0-1: Ground out 4-3 (Groundball, 4M)
Micheal Morgan to second
Batting: RHB Steven Hill 0-0: Foul Ball, location: 2F
0-1: Swinging Strike
0-2: Ball
1-2: Strikes out looking
Top of the 3rd over - 0 run(s), 1 hit(s), 0 error(s), 1 left on base; Texas Tech 2 - North Carolina 7
BOTTOM OF THE 3RD
North Carolina Tar Heels batting - Pitching for Texas Tech Red Raiders : RHP Paul Fisher
Batting: LHB José Morales 0-0: Ball
1-0: Ball
2-0: Ball
3-0: SINGLE (Line Drive, 9LS)
Batting: LHB Matt McCray 0-0: Foul Ball, location: 2F
0-1: Called Strike
0-2: Strikes out looking
Batting: LHB Ronald Gordon 0-0: Ball
1-0: Called Strike
1-1: Fly out, F7 (Flyball, 7S)
Batting: RHB Jeff Townsley 0-0: Foul Ball, location: 2F
0-1: Ball
1-1: Ball
2-1: Ball
3-1: Base on Balls
José Morales to second
Batting: RHB Preston Wooten 0-0: Called Strike
0-1: Ball
Wild Pitch!
José Morales to third
Jeff Townsley to second
1-1: SINGLE (Line Drive, 78S)
José Morales scores
Jeff Townsley to third
Runner from 3rd tries for Home, SAFE, no throw or cutoff
Pitching: RHP Mike Moore
Batting: RHB Derek Scott 0-0: Ball
1-0: SINGLE (Flyball, 7S)
Preston Wooten to second
Batting: SHB Richard Griffin 0-0: Called Strike
0-1: Ball
1-1: Called Strike
1-2: SINGLE (Groundball, 34)
Preston Wooten to third
Derek Scott to second
Runner from 3rd tries for Home, SAFE, no throw or cutoff
Batting: LHB Vaughn Carter 0-0: Swinging Strike
0-1: Swinging Strike
0-2: Ball
1-2: Foul Ball, location: 2F
1-2: Ball
2-2: Ball
3-2: Foul Ball, location: 2F
3-2: Strikes out swinging
Bottom of the 3rd over - 3 run(s), 4 hit(s), 0 error(s), 2 left on base; Texas Tech 2 - North Carolina 10
TOP OF THE 4TH
Texas Tech Red Raiders batting - Pitching for North Carolina Tar Heels : LHP Kevin Newton
Batting: RHB Casey Fox 0-0: Ball
1-0: SINGLE (Groundball, 56D)
Batting: RHB Terry Whitney 0-0: Grounds into double play, 6-4-3 (Groundball, 56)
Batting: RHB Jorge Calderón 0-0: Called Strike
0-1: Ball
1-1: SINGLE (Line Drive, 4D)
Batting: RHB Donovan James 0-0: Fly out, F7 (Flyball, 7M)
Top of the 4th over - 0 run(s), 2 hit(s), 0 error(s), 1 left on base; Texas Tech 2 - North Carolina 10
BOTTOM OF THE 4TH
North Carolina Tar Heels batting - Pitching for Texas Tech Red Raiders : RHP Mike Moore
Batting: RHB Mike Shelton 0-0: Foul Ball, location: 2F
0-1: Ball
1-1: Ground out 6-3 (Groundball, 6)
Batting: LHB José Morales 0-0: Called Strike
0-1: DOUBLE (Line Drive, 9LS)
Batting: LHB Matt McCray 0-0: Ball
1-0: Called Strike
1-1: Foul Ball, location: 2F
1-2: Ball
2-2: Foul Ball, location: 2F
2-2: Foul Ball, location: 2F
2-2: Foul Ball, location: 2F
Single, Error in OF, E9, batter to second base
José Morales scores
Batting: LHB Ronald Gordon 0-0: Ball
1-0: Swinging Strike
1-1: Swinging Strike
1-2: Foul Ball, location: 2F
1-2: Foul Ball, location: 2F
1-2: Ball
2-2: Strikes out looking
Batting: RHB Jeff Townsley 0-0: Ball
1-0: 2-RUN HOME RUN (Line Drive, 7D), Distance : 374 ft
Batting: RHB Preston Wooten 0-0: Ball
1-0: Ball
2-0: SOLO HOME RUN (Flyball, 78XD), Distance : 380 ft
Pitching: LHP Doug Hamm
Batting: RHB Derek Scott 0-0: SINGLE (Groundball, 56D)
Batting: SHB Richard Griffin 0-0: Ball
1-0: Called Strike
1-1: Fly out, F6 (Line Drive, 6)
Bottom of the 4th over - 4 run(s), 5 hit(s), 1 error(s), 1 left on base; Texas Tech 2 - North Carolina 14
TOP OF THE 5TH
Texas Tech Red Raiders batting - Pitching for North Carolina Tar Heels : LHP Kevin Newton
Batting: LHB Albert Cardona 0-0: Ground out U3 (Groundball, 3)
Batting: RHB Ralph Wells 0-0: Reached on error, E6 (Groundball, 6)
Batting: LHB Micheal Morgan 0-0: DOUBLE (Flyball, 7LS)
Ralph Wells to third
Pitching: LHP Scott Henson
Batting: RHB Bruce Jones 0-0: Ball
1-0: Swinging Strike
1-1: Swinging Strike
1-2: Ball
2-2: Ball
3-2: Strikes out swinging
Batting: RHB Steven Hill 0-0: Ball
1-0: Foul Ball, location: 2F
1-1: Fly out, F5 (Popup, 56S)
Top of the 5th over - 0 run(s), 1 hit(s), 1 error(s), 2 left on base; Texas Tech 2 - North Carolina 14
BOTTOM OF THE 5TH
North Carolina Tar Heels batting - Pitching for Texas Tech Red Raiders : LHP Doug Hamm
Batting: LHB Vaughn Carter 0-0: Ball
1-0: Ball
2-0: Foul Ball, location: 2F
2-1: Foul Ball, location: 2F
2-2: Foul Ball, location: 2F
2-2: Ball
3-2: Foul Ball, location: 2F
3-2: Strikes out swinging
Batting: RHB Mike Shelton 0-0: SINGLE (Line Drive, 4D)
Batting: LHB José Morales 0-0: Called Strike
0-1: Ball
Mike Shelton steals 2nd base
1-1: Called Strike
1-2: Ball
2-2: Ball
3-2: Foul Ball, location: 2F
3-2: Base on Balls
Batting: LHB Matt McCray 0-0: Called Strike
0-1: Ball
1-1: Called Strike
1-2: Strikes out swinging
Batting: LHB Ronald Gordon 0-0: Swinging Strike
Passed Ball!
Mike Shelton to third
José Morales to second
0-1: Ball
1-1: Ball
2-1: Ground out 6-3 (Groundball, 6)
Bottom of the 5th over - 0 run(s), 1 hit(s), 0 error(s), 2 left on base; Texas Tech 2 - North Carolina 14
TOP OF THE 6TH
Texas Tech Red Raiders batting - Pitching for North Carolina Tar Heels : LHP Scott Henson
Batting: RHB Casey Fox 0-0: Ball
1-0: Called Strike
1-1: Called Strike
1-2: Ground out 1-3 (Groundball, 15)
Batting: RHB Terry Whitney 0-0: DOUBLE (Line Drive, 89M)
Batting: RHB Jorge Calderón 0-0: Called Strike
0-1: Swinging Strike
0-2: Ball
1-2: Fly out, F9 (Line Drive, 9M)
Batting: RHB Donovan James 0-0: Ball
1-0: Ball
2-0: Ball
3-0: Base on Balls
Batting: LHB Albert Cardona 0-0: Ball
1-0: Called Strike
1-1: Foul Ball, location: 2F
1-2: Strikes out looking
Top of the 6th over - 0 run(s), 1 hit(s), 0 error(s), 2 left on base; Texas Tech 2 - North Carolina 14
BOTTOM OF THE 6TH
North Carolina Tar Heels batting - Pitching for Texas Tech Red Raiders : LHP Doug Hamm
Batting: RHB Jeff Townsley 0-0: Called Strike
0-1: Foul Ball, location: 2F
0-2: SINGLE (Flyball, 78S)
Batting: RHB Preston Wooten 0-0: Ball
1-0: Ball
2-0: Ball
3-0: Base on Balls
Jeff Townsley to second
Batting: RHB Derek Scott 0-0: Ball
1-0: Called Strike
1-1: Swinging Strike
1-2: Foul Ball, location: 2F
1-2: Ball
2-2: Strikes out looking
Batting: SHB Richard Griffin 0-0: Ball
Wild Pitch!
Jeff Townsley to third
Preston Wooten to second
1-0: Foul Ball, location: 2F
1-1: Ball
2-1: Ball
3-1: Base on Balls
Pitching: LHP Mitchell Jenkins
Batting: LHB Vaughn Carter 0-0: Called Strike
0-1: Ball
1-1: Ball
2-1: Ball
3-1: Base on Balls
Jeff Townsley scores
Preston Wooten to third
Richard Griffin to second
Batting: RHB Mike Shelton 0-0: Ball
1-0: SINGLE (Line Drive, 4MD)
Preston Wooten scores
Richard Griffin to third
Vaughn Carter to second
Runner from 3rd tries for Home, SAFE, throw made at trailing runner, SAFE at third!
Batting: LHB José Morales 0-0: Called Strike
0-1: Fielders Choice at 2nd, 3-6 (Groundball, 3)
Vaughn Carter scores
Batting: LHB Matt McCray 0-0: Called Strike
0-1: Fly out, F7 (Flyball, 78M)
Bottom of the 6th over - 4 run(s), 2 hit(s), 0 error(s), 1 left on base; Texas Tech 2 - North Carolina 18
TOP OF THE 7TH
Texas Tech Red Raiders batting - Pitching for North Carolina Tar Heels : LHP Scott Henson
Batting: RHB Ralph Wells 0-0: Swinging Strike
0-1: Foul Ball, location: 2F
0-2: Foul Ball, location: 2F
0-2: Foul Ball, location: 2F
0-2: Strikes out swinging
Batting: LHB Micheal Morgan 0-0: Foul Ball, location: 2F
0-1: SINGLE (Groundball, 15) (infield hit)
Pitching: RHP Tim Osborne
Batting: RHB Bruce Jones 0-0: Foul Ball, location: 2F
0-1: Ball
1-1: Ball
2-1: Foul Ball, location: 2F
2-2: Ball
3-2: Base on Balls
Micheal Morgan to second
Batting: RHB Steven Hill 0-0: Called Strike
0-1: Foul Ball, location: 2F
0-2: Strikes out looking
Batting: RHB Casey Fox 0-0: Called Strike
0-1: Ball
1-1: Ball
2-1: SINGLE (Line Drive, 56D)
Micheal Morgan to third
Bruce Jones to second
Runner from 3rd tries for Home, SAFE, throw made at trailing runner, OUT at third!
Top of the 7th over - 1 run(s), 2 hit(s), 0 error(s), 1 left on base; Texas Tech 3 - North Carolina 18
BOTTOM OF THE 7TH
North Carolina Tar Heels batting - Pitching for Texas Tech Red Raiders : LHP Mitchell Jenkins
Batting: LHB Ronald Gordon 0-0: Ball
1-0: Called Strike
1-1: Swinging Strike
1-2: Strikes out swinging
Batting: RHB Jeff Townsley 0-0: Swinging Strike
0-1: Called Strike
0-2: Foul Ball, location: 2F
0-2: Ball
1-2: DOUBLE (Line Drive, 3L)
Batting: RHB Preston Wooten 0-0: Called Strike
Jeff Townsley is caught stealing 3rd base
0-1: Ground out 6-3 (Groundball, 6M)
Bottom of the 7th over - 0 run(s), 1 hit(s), 0 error(s), 0 left on base; Texas Tech 3 - North Carolina 18
TOP OF THE 8TH
Texas Tech Red Raiders batting - Pitching for North Carolina Tar Heels : RHP Tim Osborne
Now at 2B: Fred Hubbard
Batting: RHB Terry Whitney 0-0: Foul Ball, location: 2F
0-1: Ball
1-1: Ball
2-1: Ball
3-1: Base on Balls
Batting: RHB Jorge Calderón 0-0: Ball
1-0: Reached on Error, E8 (Flyball, 8RM)
Terry Whitney to second
Batting: RHB Donovan James 0-0: Ball
1-0: Called Strike
1-1: Ball
2-1: Called Strike
2-2: Ball
3-2: Strikes out swinging
Batting: LHB Albert Cardona 0-0: Foul Ball, location: 2F
0-1: Called Strike
0-2: Foul Ball, location: 2F
0-2: Strikes out swinging
Batting: RHB Ralph Wells 0-0: Swinging Strike
0-1: Foul Ball, location: 2F
0-2: Ball
Wild Pitch!
Terry Whitney to third
Jorge Calderón to second
1-2: Strikes out swinging
Top of the 8th over - 0 run(s), 0 hit(s), 1 error(s), 2 left on base; Texas Tech 3 - North Carolina 18
BOTTOM OF THE 8TH
North Carolina Tar Heels batting - Pitching for Texas Tech Red Raiders : LHP Mitchell Jenkins
Batting: RHB Derek Scott 0-0: Swinging Strike
0-1: Ball
1-1: Foul Ball, location: 2F
1-2: Strikes out swinging
Pitching: RHP Ben Rivera
Batting: SHB Richard Griffin 0-0: Ball
1-0: Ball
2-0: SINGLE (Groundball, 6M)
Pinch Hitting: SHB Rod Good 0-0: Called Strike
0-1: Ball
1-1: Grounds into double play, 4-6-3 (Groundball, 4)
Bottom of the 8th over - 0 run(s), 1 hit(s), 0 error(s), 0 left on base; Texas Tech 3 - North Carolina 18
TOP OF THE 9TH
Texas Tech Red Raiders batting - Pitching for North Carolina Tar Heels : RHP Tim Osborne
Now at 3B: Rod Good
Batting: LHB Micheal Morgan 0-0: SOLO HOME RUN (Flyball, 9LD), Distance : 329 ft
Batting: RHB Bruce Jones 0-0: Foul Ball, location: 2F
0-1: Foul Ball, location: 2F
0-2: Foul Ball, location: 2F
0-2: Foul Ball, location: 2F
0-2: Strikes out swinging
Batting: RHB Steven Hill 0-0: Called Strike
0-1: Swinging Strike
0-2: Strikes out looking
Batting: RHB Casey Fox 0-0: Ball
1-0: Called Strike
1-1: Fly out, F4 (Popup, 4)
Top of the 9th over - 1 run(s), 1 hit(s), 0 error(s), 0 left on base; Texas Tech 4 - North Carolina 18
This league is powered by Out of the Park Baseball, the baseball management simulation game for PC, Mac and Linux
Saturday, April 9th, 2016 - OOTP Baseball 16.8 Build 38